 Dungeon Crawl Stone Soup version 0.29.1-15-g9cfb28693d (webtiles) character file.

Game seed: 311381564467972408

3 promet the Shield-Bearer (level 1, -3/20 HPs)
             Began as a Minotaur Fighter on Feb 23, 2023.
             Succumbed to a goblin's poison
             ... on level 1 of the Dungeon.
             The game lasted 00:00:31 (75 turns).

promet the Shield-Bearer (Minotaur Fighter)           Turns: 75, Time: 00:00:31

Health: -3/20      AC:  7    Str: 20    XL:     1   Next: 41%
Magic:  0/0        EV:  9    Int:  5    God:
Gold:   6          SH:  4    Dex:  9    Spells: 0/0 levels left

rFire   + . .      SeeInvis .   a - +0 war axe
rCold   + . .      Faith    .   c - +0 buckler
rNeg    . . .      Spirit   .   b - +0 scale mail
rPois   +          Reflect  .   (helmet restricted)
rElec   +          Harm     .   (no cloak)
rCorr   +          Rampage  .   (no gloves)
Will    .....                   (no boots)
Stlth   ..........              (no amulet)
HPRegen 0.06/turn               (no ring)
MPRegen 0.07/turn               (no ring)

@: lethally poisoned (-3 -> -23), resistant
A: horns 2, retaliatory headbutt
a: no special abilities


You were on level 1 of the Dungeon.
You visited 1 branch of the dungeon, and saw 1 of its levels.

You collected 6 gold pieces.

Inventory:

Hand Weapons
 a - a +0 war axe (weapon)
Missiles
 e - 4 stones (quivered)
Armour
 b - a +0 scale mail (worn)
 c - a +0 buckler (worn)
Potions
 d - a potion of might


   Skills:
 + Level 3.7 Fighting
 + Level 2.4 Axes
 + Level 3.7 Armour
 + Level 3.7 Shields


You couldn't memorise any spells.
You didn't know any spells.
Your spell library was empty.

Dungeon Overview and Level Annotations

Branches:
Dungeon (1/15)

Altars:


Innate Abilities, Weirdness & Mutations

You have a pair of horns on your head.
You reflexively headbutt those who attack you in melee.


Message History

The goblin is heavily wounded.
You block the goblin's attack.
You closely miss the goblin. You headbutt the goblin.
You kill the goblin!
You see here a +0 dagger.
You now have 6 gold pieces.
Found a fizzy blue potion.
You see here 4 stones.
e - 4 stones
f - a fizzy blue potion A bat and a goblin come into view.
The goblin is wielding a +2 dagger of venom.
The goblin shouts!
You hear an angry hiss.
A ball python comes into view.
The bat moves out of view.
The bat closely misses you. You furiously retaliate!
You headbutt the bat!
You kill the bat!
A giant cockroach comes into view.
A frilled lizard comes into view.
The ball python hisses angrily.
Found an escape hatch in the floor.
The goblin attacks as you move away! The goblin misses you.
The goblin hits you but does no damage.
You are poisoned.
The goblin attacks as you move away! The goblin hits you but does no damage.
You are more poisoned.
You feel very sick.
You feel very sick. The goblin hits you but does no damage.
You are lethally poisoned!
The goblin attacks as you move away! The goblin hits you but does no damage.
You are more poisoned.
You feel very sick. The giant cockroach closely misses you.
The giant cockroach attacks as you move away!
The giant cockroach bites you but does no damage.
Found a scroll labelled JUTHRI JUOBB.
* * * LOW HITPOINT WARNING * * *
You feel very sick.
It was a potion of resistance.
You feel protected.
You die...

#................###
#..............###
#..............#
#..SB..........###
...#†...##...)....#
...#....##........#
...#....#.....S...# .# ..
........S.#...l#######.?.##..
........######gB@...........
........# #.#########..##
........# #.#######.....##
... #.#............. ..>
#....#......#.. ###.####...##
### ##..## ##...# ###....##


You could see a giant cockroach, a goblin and a frilled lizard.

Vanquished Creatures
  A giant cockroach (D:1)
  A goblin (D:1)
  A bat (D:1)
3 creatures vanquished.

Notes
Turn   | Place    | Note
-------+----------+-------------------------------------------
     0 | D:1      | promet the Minotaur Fighter began the quest for the Orb.
     0 | D:1      | Reached XP level 1. HP: 19/19 MP: 0/0
    74 | D:1      | HP: 1/20 [poisoned by a goblin]
    75 | D:1      | Succumbed to a goblin's poison

Illustrated notes

Levels and vault maps discovered:
D:1:      dpeg_arrival_arbitrary_b, layout_basic, minmay_ruptured

Action                   || total
-------------------------++-------
Melee: War axe           ||     2
       Headbutt          ||     1
  Use: Potion            ||     1
Armor: Scale mail        ||     6
Dodge: Dodged            ||     4
Block: Buckler           ||     1
